Cogmind - Beta 13 @@@ ROGUE MODE // 2024.03.31 @ 22:10:35 Player: Tyzemol Result: Destroyed by S-10 Pest with Light Assault Rifle Performance ------------- Evolutions (0) 0 Regions Visited (1) 200 Robots Destroyed (22) 110 Value Destroyed (461) 461 Prototype IDs (3) 60 Alien Tech Used (0) 0 Bonus (0) 0 TOTAL SCORE: 831 Bonus ------- None Cogmind --------- Core Integrity 0/250 Matter 116/300 Energy 125/125 System Corruption 0% Temperature Cool (6) Movement Treading (160) Location -10/Materials Parts ------- > --- POWER (1) -------- Light Ion Engine > --- PROPULSION (2) --- Light Treads Light Treads > --- UTILITY (2) ------ Hacking Suite Field Recycling Unit > --- WEAPON (2) ------- Light Assault Rifle > --- INVENTORY (5) ---- Light Ion Engine Improved Terrain Scanner Seismic Detector Light Cannon Peak State ------------ > --- POWER ------------ Light Ion Engine > --- PROPULSION ------- Light Treads Wheel > --- UTILITY ---------- Improved Terrain Scanner Hacking Suite > --- WEAPON ----------- Light Cannon Plasma Cutter > --- INVENTORY -------- Light Ion Engine Seismic Detector Field Recycling Unit Light Assault Rifle Grenade Launcher [Rating: 12] Favorites ----------- Power Light Ion Engine Engine Light Ion Engine Propulsion Wheel Treads Light Treads Wheel Wheel Flight Unit Flight Unit Utility Seismic Detector Device Seismic Detector Storage High-capacity Storage Unit Hackware Hacking Suite Weapon Light Assault Rifle Energy Gun EM Pulse Gun Ballistic Gun Light Assault Rifle Ballistic Cannon Light Cannon Launcher Grenade Launcher Special Weapon Plasma Cutter Special Melee Weapon Datajack Build | -11 -10 ------- Run | Yrd Mat Slots Evolved . | . . Power . | . . Propulsion . | . . Utility . | . . Weapon . | . . Parts Attached 48 | 9 39 Power 3 | 1 2 Engine 3 | 1 2 Core . | . . Reactor . | . . Propulsion 9 | 2 7 Treads 2 | . 2 Leg . | . . Wheel 5 | 2 3 Hover . | . . Flight 2 | . 2 Utility 12 | 2 10 Device 10 | 2 8 Storage 1 | . 1 Processor . | . . Hackware 1 | . 1 Protection . | . . Artifact . | . . Weapon 24 | 4 20 Energy Gun 2 | . 2 Energy Cannon . | . . Ballistic Gun 8 | 3 5 Ballistic Cannon 2 | . 2 Launcher 4 | . 4 Special Weapon 6 | 1 5 Impact Weapon . | . . Slashing Weapon . | . . Piercing Weapon . | . . Special Melee Weapon 2 | . 2 Unidentified Prototypes . | . . Parts Lost 4 | . 4 Power . | . . Propulsion . | . . Utility . | . . Weapon 4 | . 4 Highest Loss Streak 2 | . 2 To Critical Strikes . | . . Average Slot Usage (%) 98 | . 98 Engine 14 | . 14 Treads 5 | . 5 Wheel 22 | . 22 Device 19 | . 19 Hackware 8 | . 8 Energy Gun 1 | . 1 Ballistic Gun 6 | . 6 Ballistic Cannon 11 | . 11 Launcher 1 | . 1 Special Weapon 4 | . 4 Naked Turns . | . . Heaviest Build 47 | 7 47 Greatest Support 40 | 20 40 Greatest Overweight (x) 2 | . 2 Average Overweight (x) . | . . Largest Inventory Capacity 20 | 5 20 Average Capacity 5 | 5 5 Most Carried 5 | 5 5 Average Carried 3 | 1 4 Final Capacity 5 | 5 5 Final Carried 4 | 4 4 Class Distribution -------------------- 95% | Mutant 4% | Scavenger-Mutant Dominant Class ---------------- Mutant | -10/Materials Resources | -11 -10 ----------- Run | Yrd Mat Matter Collected 726 | 335 391 Remotely . | . . Salvage Created 451 | 82 369 Parts 43 | 7 36 Haulers Intercepted . | . . Recyclers Shooed 1 | . 1 Parts Field Recycled 4 | . 4 Retrieved Matter 69 | . 69 Parts Self-Destructed . | . . Prevented . | . . Kills | -11 -10 ------- Run | Yrd Mat Combat Hostiles Destroyed 12 | 1 11 Guns 5 | 1 4 Cannons 5 | . 5 AOE 2 | . 2 Classes Destroyed 7 | 2 5 Worker 2 | . 2 Builder 1 | . 1 Tunneler 3 | 3 . Operator 1 | . 1 Watcher 3 | . 3 Swarmer 3 | . 3 Grunt 9 | 1 8 Best Kill Streak 3 | 1 3 Combat Bots Only 3 | 1 3 Max Kills in Single Turn 2 | 1 2 Gunslinging . | . . Exploded 1 | . 1 Melee . | . . Uniques/NPCs Destroyed . | . . Combat | -11 -10 -------- Run | Yrd Mat Hostile Shots Fired 74 | 5 69 Missed 23 | 2 21 Damage Taken 700 | 37 663 Core 254 | 27 227 Absorbed by Shields . | . . Regen/Repaired (Parts) 44 | . 44 Core Remaining (%) 89 | 89 . Volleys Fired 95 | 28 67 Largest 2 | 2 2 Hottest 135 | 120 135 Shots Fired 154 | 51 103 Gun 89 | 45 44 Cannon 47 | . 47 Launcher 6 | . 6 Special 12 | 6 6 Kinetic 121 | 45 76 Thermal 12 | 6 6 Explosive 6 | . 6 Electromagnetic 15 | . 15 Robot Hit Streak 10 | 10 8 Robot Miss Streak 6 | 6 4 Penetration Max . | . . Secondary Targets . | . . Shots Hit Robots 86 | 28 58 Core Hits 32 | 8 24 Critical Kills . | . . Critical Parts Destroyed . | . . Critical Strikes 1 | . 1 Blast 1 | . 1 Melee Attacks 4 | . 4 Impact . | . . Slashing . | . . Piercing . | . . Sneak Attacks . | . . Combat Hostiles . | . . Follow-up Attacks . | . . Damage Inflicted 1247 | 236 1011 Guns 506 | 230 276 Cannons 472 | . 472 Explosions 239 | . 239 Melee . | . . Ramming 6 | 6 . Kinetic 851 | 230 621 Thermal 24 | . 24 Explosive 239 | . 239 Electromagnetic 127 | . 127 Impact . | . . Slashing . | . . Piercing . | . . Highest Corruption . | . . Average Corruption . | . . Corruption Purged . | . . Corruption Blocked . | . . Overload Shots . | . . Overflow Damage 11 | . 11 Projectiles 11 | . 11 Explosions . | . . Melee . | . . Knockbacks 5 | . 5 Impact . | . . Kinetic 4 | . 4 Secondary 1 | . 1 Self-Inflicted Damage 30 | 6 24 Shots 2 | . 2 Rammed 1 | . 1 Targets Rammed 1 | . 1 Kicked . | . . Crushed . | . . Highest Temperature 133 | 20 133 Average Temperature 34 | 7 35 Received Heat Transfer 255 | 18 237 Siege Activations . | . . Robots Corrupted . | . . Combat Hostiles . | . . Parts Fried . | . . Impact Corruptions . | . . Robots Melted . | . . Combat Hostiles . | . . Parts Melted . | . . Heat Transferred 50 | . 50 Parts Sabotaged . | . . Parts Stolen . | . . Parts Stripped . | . . Power Chain Reactions . | . . Alert | -11 -10 ------- Run | Yrd Mat Peak Influence 250 | 30 250 Initial 3 | . 3 Average 67 | 10 94 Maximum Alert Level 1 | . 1 Low Security (%) 92 | 100 88 Level 1 7 | . 11 Level 2 . | . . Level 3 . | . . Level 4 . | . . Level 5 . | . . High Security . | . . Max Security . | . . Squads Dispatched 4 | . 4 Investigation 3 | . 3 Extermination . | . . Reinforcement 1 | . 1 Assault . | . . Garrison . | . . Intercept . | . . Searches Triggered . | . . Construction Impeded . | . . Haulers Reinforced . | . . Active Scanning Responses . | . . Cargo Convoy Interrupts . | . . Stealth | -11 -10 --------- Run | Yrd Mat Distress Signals 1 | . 1 Communications Jammed . | . . Distress Signals . | . . Times Spotted 24 | 1 23 Peak Tracking Total 4 | 1 4 Tactical Retreats . | . . Traps | -11 -10 ------- Run | Yrd Mat Traps Triggered . | . . Indirectly . | . . Trap Hack Attempts . | . . Triggered . | . . Disarmed . | . . Reprogrammed . | . . Reused . | . . Traps Extracted . | . . Installed . | . . Triggered . | . . Machines | -11 -10 ---------- Run | Yrd Mat Machines Disabled 2 | . 2 Max in Single Turn 1 | . 1 Machines Repaired . | . . Machines Dismantled 3 | . 3 Machines Sabotaged . | . . Overloaded Fab Kills . | . . Hacking | -11 -10 --------- Run | Yrd Mat Machines Accessed 7 | . 7 Terminals 5 | . 5 Fabricators . | . . Repair Stations 1 | . 1 Recycling Units 1 | . 1 Scanalyzers . | . . Garrison Access . | . . Total Hacks 21 | . 21 Successful 7 | . 7 Failed 14 | . 14 Catastrophic 5 | . 5 Database Lockouts . | . . Manual 4 | . 4 Terminals 14 | . 14 Fabricators . | . . Repair Stations 4 | . 4 Recycling Units 3 | . 3 Scanalyzers . | . . Garrison Access . | . . Terminal Hacks 4 | . 4 Record 3 | . 3 Prototype ID Bank 1 | . 1 Fabricator Hacks . | . . Repair Station Hacks 2 | . 2 Scan Component 1 | . 1 Repair 1 | . 1 Recycling Unit Hacks 1 | . 1 Retrieve Components 1 | . 1 Scanalyzer . | . . Garrison Access Hacks . | . . Unauthorized Hacks . | . . Terminals . | . . Fabricators . | . . Repair Stations . | . . Recycling Units . | . . Scanalyzers . | . . Garrison Access . | . . Data Cores Recovered 1 | . 1 Used . | . . Hacking Detections 6 | . 6 Full Trace Events 6 | . 6 Feedback Events . | . . Feedback Blocked . | . . Robot Schematics Acquired . | . . Robots Built . | . . Authchips . | . . Time . | . . Total Robot Build Rating . | . . Part Schematics Acquired . | . . Parts Built . | . . Authchips . | . . Time . | . . Total Part Build Rating . | . . Parts Repaired 1 | . 1 Time 32 | . 32 Parts Recycled . | . . Recycled Matter . | . . Retrieved Matter . | . . Retrieved Components 2 | . 2 Parts Scanalyzed . | . . Part Schematics Acquired . | . . Parts Damaged . | . . Bothacking | -11 -10 ------------ Run | Yrd Mat Used RIF Installer . | . . Robots Hacked 2 | . 2 Non-combat 1 | . 1 Combat 1 | . 1 Robot Hacks Applied 3 | . 3 parse_system 3 | . 3 Relay Couplers Released . | . . Fabnet Peak Effective % . | . . Robots Rewired . | . . Allies Hacked . | . . Hacks Repelled . | . . Allies | -11 -10 -------- Run | Yrd Mat Total Allies . | . . Largest Group . | . . Highest-Rated Group . | . . Highest-Rated Ally . | . . Total Orders . | . . Ally Attacks . | . . Total Damage . | . . Kills . | . . Allies Corrupted . | . . Allies Melted . | . . Intel | -11 -10 ------- Run | Yrd Mat Robot Analysis Total . | . . Derelict Logs Recovered . | . . Drone Launches . | . . Drone Recoveries . | . . Exploration | -11 -10 ------------- Run | Yrd Mat Turns Passed 1901 | 617 1284 Spaces Moved 1470 | 646 824 Core 141 | 141 . Treads 182 | . 182 Legs . | . . Wheels 1144 | 505 639 Hover . | . . Flight 3 | . 3 Fastest Speed 50 | 50 80 Average Speed 87 | 73 97 Slowest Speed 160 | 80 160 Overloaded Moves . | . . Propulsion Burnouts . | . . Robots Hopped . | . . Cave-ins Triggered . | . . Exploration Rate (%) 40 | 12 68 Regions Visited 1 Branch Regions . Pre-discovered Areas . | . . Known Exits Taken . | . . Unknown Exits Taken 1 | 1 . Scrap Searched . | . . Spaces Dug 14 | 3 11 Terrain Destroyed 36 | 3 33 Melee . | . . Projectile 8 | 3 5 AOE 28 | . 28 Terrain Rammed 1 | 1 . Walls Destroyed . | . . Machines Disabled . | . . Actions | -11 -10 --------- Run | Yrd Mat Total 1876 | 732 1144 Wait 193 | 39 154 Move 1469 | 645 824 Hop . | . . Pick Up 23 | 9 14 Fast Attach 12 | 3 9 Attach 8 | 4 4 Detach . | . . Swap 28 | 2 26 Drop 22 | 1 21 Fire 95 | 28 67 Melee 4 | . 4 Ram 1 | 1 . Kick . | . . Crush 1 | . 1 Escape Stasis . | . . Rewire . | . . Trap . | . . Miscellaneous 20 | . 20 Route ------- -11/Scrapyard -10/Materials (discovered 2 exits: [*Mat x2]) History --------- Turn | Location | Event 2 | -11/Scrapyard | Met Revision 17 149 | -11/Scrapyard | Discovered new exit (range 8) 618 | -11/Scrapyard | Entered Materials 619 | -10/Materials | Build established: Mutant 1054 | -10/Materials | Discovered new exit (range 16) 1203 | -10/Materials | Core integrity fell below 50% 1377 | -10/Materials | Discovered new exit (range 11) 1841 | -10/Materials | Repaired Field Recycling Unit 1861 | -10/Materials | Core integrity fell below 20% 1902 | -10/Materials | Destroyed by S-10 Pest with Light Assault Rifle Last Messages --------------- 01871_ U-05 Engineer builds a Wall. 01871_ U-05 Engineer lays Concrete. 01874_ Field Recycling Unit collects Sml. Laser, recycling 1 matter... 01875_ K-01 Serf collects debris. 01875_ U-05 Engineer builds a Door. 01875_ U-05 Engineer builds a Wall. 01876_ Field Recycling Unit collects Aluminum Leg, recycling 2 matter... 01877_ The unstable cave ceiling collapses. 01878_ K-01 Serf collects debris. 01879_ U-05 Engineer builds a Wall. 01880_ U-05 Engineer lays Concrete. 01881_ K-01 Serf collects debris. 01881_ U-05 Engineer lays Concrete. 01883_ K-01 Serf collects debris. 01884_ U-05 Engineer builds a Wall. 01885_ K-01 Serf collects debris. 01896_ Acquired 1 matter. 01900_ S-10 Pest destroyed. 01901_ U-05 Engineer builds a Wall. [Achievement: First Step to Greatness] Map ----- +----------------------------------------------------+ | ?????????????????????????????????????????????????? | | ?????????????????????????????????????????????????? | | ?????????????????????????????????????????????????? | | ?????????????????????????????????????????????????? | | ?????????????????????????????????????????????????? | | ?????????????????????????????????????????????????? | | ?????????????????????????????????????????????????? | | ?????????????????????????????????????????????????? | | ?????????????????????????????????????????????????? | | ?????????????????????????????????????????????????? | | ?????????????????????????????????????????????#???? | | ????????????????????????#####??????????????? #???? | | ?????????????????????##### ####??????????? #???? | | ??????????????????#### # ######????? ##??? | | ??????????????????# # ##### * #??? | | ??????????????????# ^ #??? | | ??????????????????# + T ^ #??? | | ??????????????????# " " # ^ #??? | | ??????????????# ?# "R" # ##### #??? | | ??????????????# # "" ! # ########## ???? | | ???????????? # #### ## ##+### # # #??? | | ???????????? k ???# #u + ! # #??? | | ??????????????# ####### # # # #??? | | ??????????????# s% # # #??? | | ??????????????# s ^^ t # # #??? | | ??????????????# ^ @ # # ###? | | ??????????????# ^ # # #? | | ??????????????# ^ + + #? | | ############### ^ # # #? | | # T ########## #? | | # ########## #? | | # % ! #? | | # ! a ########## #? | | # """ """ """ ######????????# #? | | # !!! " """ """ """ ############### #? | | + *!!! "" """ """ ## ^^ ^ # #? | | # ! ## """"" # #? | | # ## """ """"" # #? | | #! ## " """ + #? | | #######+###### # ######### ## # #? | | ## ## = = # ############### ## | | ## T ## = """ # #????????????# # | | # """ ## ="T" =+ #????????????# | | # """ ## # " " # #?????#??????# T | | # """ ######## [ # #????????????# | | # """ #??????# """ # #????????????# | | # """ #??????# """ # #????????????###### | | # #??????# """ # #?????????????????# | | # #??????# # #?????????????????# | | ##########??????########## #?????????????????# | +----------------------------------------------------+ Best States ------------- Heat Dissipation 25 Energy Generation 10 Energy Capacity 125 Matter Stores 300 Matter Capacity 300 Sight Range 16 Terrain Scan Range 16 Terrain Scan Density 10 Evasion (%) 50 Recoil Reduction 2 Offensive Hacking 10 Item Schematics ----------------- None Robot Schematics ------------------ None Fabricated ------------ Nothing Alien Tech Used ----------------- None Achievements -------------- Crack Shot First Step to Greatness One Hack Too Far Part-time Mechanic Storm Trooper Uninvited Guest Challenges ------------ None Game ------ Seed ImpactVisualSpoofer Manual? 0 Play Time 02:08:12 Cumulative 2.1 hours Start 2024.03.31 @ 19:02:24 End 2024.03.31 @ 22:10:35 Sessions 4 Manual Loads 0 Difficulty Rogue Special Mode None Game No. 1 Rogue 1 Adventurer 0 Explorer 0 Win Type - Total 0 Types 0/0/0/0/0/0/0/0/0 Lore% 0 Gallery% 2 Achievement% 2 Wizard Run 0 Options --------- Layout 0 ASCII 0 Keyboard 1 Movement Numpad Keybinds 0 Fullscreen 1 Font 18/SmallcapsGlow Map View 76x50 Zoom Use 0% Tactical HUD 1 Map Filters NONE Filters NONE Steam 0 RUN: 62830a38-e3a1-4c96-8f63-717c948c27ac